 Dungeon Crawl Stone Soup version 0.29-a0-598-gd8304a5bf4 (webtiles) character file.

Game seed: 10921205853650309659

7699 HoaS the Quickloader (level 11, 0/72 HPs)
             Began as a Gargoyle Hunter on June 15, 2022.
             Was an Elder of Okawaru.
             Slain by an eight-headed hydra (7 damage)
             ... on level 9 of the Dungeon.
             The game lasted 00:28:50 (12807 turns).

HoaS the Quickloader (Gargoyle Hunter)             Turns: 12807, Time: 00:28:50

Health: 0/72       AC: 21    Str: 15    XL:     11   Next: 19%
Magic:  11/13      EV: 18    Int: 10    God:    Okawaru [****..]
Gold:   720        SH:  0    Dex: 17    Spells: 10/10 levels left

rFire   . . .      SeeInvis .   a - +2 hand crossbow (vorpal)
rCold   . . .      Faith    .   (no shield)
rNeg    + . .      Spirit   .   C - +0 troll leather armour
rPois   ∞          Reflect  .   j - +0 helmet
rElec   +          Harm     .   g - +0 cloak
rCorr   .          Rampage  .   (no gloves)
Will    .....                   (no boots)
Stlth   +++.......              e - amulet of regeneration
HPRegen 1.82/turn               y - +4 ring of slaying
MPRegen 0.13/turn               l - +4 ring of protection

@: heroic
A: sickness immunity, AC +8, negative energy resistance 1, electricity
resistance, torment resistance 1, petrification resistance
a: Renounce Religion, Heroism, Finesse


You were on level 9 of the Dungeon.
You worshipped Okawaru.
Okawaru was greatly pleased with you.
You visited 2 branches of the dungeon, and saw 10 of its levels.

You collected 720 gold pieces.

Inventory:

Hand Weapons
 a - a +2 vorpal hand crossbow (weapon)
Armour
 g - a +0 cloak (worn)
 j - a +0 helmet (worn)
 C - a +0 troll leather armour (worn)
Jewellery
 e - an amulet of regeneration (around neck)
 l - a +4 ring of protection (right hand)
 o - a +6 ring of strength
 r - a ring of fire
 y - a +4 ring of slaying (left hand)
Wands
 b - a wand of paralysis (15)
 s - a wand of polymorph (7)
 A - a wand of iceblast (3)
 B - a wand of flame (20)
Scrolls
 c - 3 scrolls of immolation
 n - 3 scrolls of magic mapping
 t - 4 scrolls of noise
Potions
 d - 2 potions of cancellation
 f - a potion of brilliance {unknown}
 h - 3 potions of heal wounds {unknown}
 i - 3 potions of invisibility {unknown}
 k - 3 potions of ambrosia
 m - 6 potions of curing {unknown}
 p - 3 potions of attraction {unknown}
 q - a potion of mutation {unknown}
 v - 2 potions of flight {unknown}
 w - a potion of resistance {unknown}
 z - a potion of berserk rage {unknown}


   Skills:
 - Level 10.0(15.0) Fighting
 - Level 10.0(15.0) Crossbows
 + Level 8.4(13.4) Armour
 + Level 6.7(11.7) Dodging
 - Level 1.1(6.1) Stealth
 - Level 3.0 Invocations


You had 10 spell levels left.
You didn't know any spells.
Your spell library contained the following spells:

 Spells                   Type           Power      Damage    Failure   Level
 Frozen Ramparts          Ice            0%         1d2       78%         3
 Ice Form                 Ice/Tmut       0%         N/A       99%         4
 Petrify                  Tmut/Erth      0%         N/A       99%         4
 Summon Ice Beast         Ice/Summ       Unusable   N/A       N/A         4
 Simulacrum               Ice/Necr       Unusable   N/A       N/A         6

Dungeon Overview and Level Annotations

Branches:
Dungeon (9/15)             Temple (1/1) D:6
   Lair: D:8-11         Orc: D:9-12

Altars:
Ashenzari
Dithmenos
Elyvilon
Fedhas
Gozag
Kikubaaqudgha
Makhleb
Nemelex Xobeh
Okawaru
Qazlal
Ru
Trog
Uskayaw
Vehumet
Wu Jian
Xom
Yredelemnul
Zin
The Shining One

Shops:
D:7 [

Annotations:
D:4 Sigmund


Innate Abilities, Weirdness & Mutations

You are immune to sickness and miasma.
Your stone body is resilient. (AC +8)
You are immune to poison.
You resist negative energy. (rN+)
You are resistant to electric shocks. (rElec)
You are resistant to unholy torment.
You are immune to petrification.


Message History

The eight-headed hydra bites you!
* * * LOW HITPOINT WARNING * * *
The eight-headed hydra misses you.
The eight-headed hydra barely misses you.
The eight-headed hydra completely misses you.
The eight-headed hydra misses you.
The eight-headed hydra bites you but does no damage.
The eight-headed hydra bites you.
* * * LOW HITPOINT WARNING * * *
Shoot: a) +2 hand crossbow (vorpal)
Press: ? - help, Q - select action, (/) - cycle Shift-Dir - straight line, f/p - eight-headed hydra
Aim: an eight-headed hydra (severely wounded, 87% to hit)
You shoot a bolt. The bolt hits the eight-headed hydra!
The eight-headed hydra is almost dead.
The eight-headed hydra closely misses you.
The eight-headed hydra barely misses you. x2
The eight-headed hydra bites you but does no damage.
The eight-headed hydra bites you.
* * * LOW HITPOINT WARNING * * *
The eight-headed hydra closely misses you.
The eight-headed hydra bites you but does no damage.
The eight-headed hydra misses you.
Shoot: a) +2 hand crossbow (vorpal)
Press: ? - help, Q - select action, (/) - cycle Shift-Dir - straight line, f/p - eight-headed hydra
Aim: an eight-headed hydra (almost dead, 87% to hit)
You shoot a bolt. The bolt hits the eight-headed hydra.
The eight-headed hydra is almost dead.
The eight-headed hydra bites you but does no damage. x2
The eight-headed hydra barely misses you. x2
The eight-headed hydra bites you but does no damage. x2
The eight-headed hydra completely misses you.
The eight-headed hydra misses you.
Shoot: a) +2 hand crossbow (vorpal)
Press: ? - help, Q - select action, (/) - cycle Shift-Dir - straight line, f/p - eight-headed hydra
Aim: an eight-headed hydra (almost dead, 87% to hit)
You shoot a bolt. The bolt hits the eight-headed hydra.
The eight-headed hydra is almost dead.
The eight-headed hydra bites you but does no damage.
The eight-headed hydra bites you!
You die...

######## ##
##########....... .
##uD@)........####
#..########......#
##'######.........####
#...#.............#...
#u..#####.............
#...########..........
#...#....# #...####.##
#..#####.# #...# #.##
###(.### #.# #.###
#.##


You could see an eight-headed hydra and a brown ugly thing.

Vanquished Creatures
  A tengu warrior (D:9)
  A cyclops (D:9)
  Psyche (D:9)
  2 trolls (D:9)
  2 wraiths (D:9)
  2 wyverns
  5 yaks (D:9)
  2 steam dragons
  A vampire mosquito (D:9)
  Edmund (D:4)
  An acid dragon (D:9)
  A water moccasin (D:7)
  An ice beast (D:5)
  A sky beast (D:6)
  4 orc warriors
  3 ogres
  4 black bears
  4 centaurs
  2 phantoms (D:6)
  2 kobold brigands
  4 bullfrogs
  3 gnoll sergeants (D:7)
  6 scorpions
  8 wights
  4 howler monkeys
  5 hounds
  6 orc priests
  A jelly (D:5)
  2 gnoll shamans
  An iguana (D:5)
  An orc wizard (D:9)
  21 gnolls
  6 adders
  2 shadow imps (D:8)
  An ufetubus (D:6)
  2 worms
  5 dart slugs
  15 orcs
  6 endoplasms
  2 giant cockroaches
  12 hobgoblins
  3 jackals (D:1)
  4 quokkas
  6 ball pythons
  6 bats
  3 frilled lizards
  7 goblins
  21 kobolds
  5 rats
209 creatures vanquished.

Vanquished Creatures (others)
  A human (D:3)
  A bullfrog (D:7)
  15 plants (D:7)
17 creatures vanquished.

Grand Total: 226 creatures vanquished

Notes
Turn   | Place    | Note
-------+----------+-------------------------------------------
     0 | D:1      | HoaS the Gargoyle Hunter began the quest for the Orb.
     0 | D:1      | Reached XP level 1. HP: 12/12 MP: 1/1
   174 | D:1      | Reached XP level 2. HP: 17/17 MP: 2/2
   449 | D:1      | Reached XP level 3. HP: 16/21 MP: 3/3
   580 | D:1      | Reached skill level 5 in Crossbows
  1042 | D:2      | Noticed a black bear
  1096 | D:1      | Reached XP level 4. HP: 14/26 MP: 4/4
  1746 | D:2      | Found a burning altar of Makhleb.
  1896 | D:2      | Killed a black bear
  1897 | D:2      | Reached XP level 5. HP: 12/30 MP: 5/5
  2192 | D:3      | Reached XP level 6. HP: 33/35 MP: 6/6
  2918 | D:3      | Found an ancient bone altar of Kikubaaqudgha.
  2921 | D:3      | Noticed a human
  2922 | D:3      | Killed a human
  3248 | D:4      | Noticed Sigmund
  4352 | D:4      | Found a blossoming altar of Fedhas.
  4405 | D:4      | Reached XP level 7. HP: 40/40 MP: 7/7
  4673 | D:4      | Found a stormy altar of Qazlal.
  4879 | D:4      | Noticed Edmund
  4922 | D:4      | Killed Edmund
  5715 | D:5      | Entered Level 5 of the Dungeon
  6211 | D:5      | Reached XP level 8. HP: 29/44 MP: 8/8
  6318 | D:5      | Found a bloodstained altar of Trog.
  6330 | D:5      | Reached skill level 10 in Crossbows
  6338 | D:5      | Reached skill level 1 in Armour
  7423 | D:5      | Reached skill level 5 in Fighting
  7838 | D:6      | Found a staircase to the Ecumenical Temple.
  7864 | D:6      | Reached XP level 9. HP: 52/54 MP: 9/9
  7872 | Temple   | Entered the Ecumenical Temple
  8057 | Temple   | Became a worshipper of Warmaster Okawaru
  8126 | D:6      | Reached skill level 1 in Invocations
  9232 | D:7      | Found John Lambton's Dragon-Slaying Spoils.
  9678 | D:7      | Reached * piety under Okawaru
 10654 | D:7      | Reached skill level 5 in Armour
 11037 | D:7      | Reached XP level 10. HP: 64/64 MP: 12/12
 11545 | D:7      | Reached ** piety under Okawaru
 11728 | D:8      | Found an opulent altar of Gozag.
 11749 | D:8      | Got the Tome of Evil Rites and Clay
 11835 | D:8      | Paralysed by an orc warrior for 2 turns
 12106 | D:9      | Noticed Psyche
 12116 | D:9      | Killed Psyche
 12117 | D:9      | Reached skill level 5 in Dodging
 12209 | D:9      | Reached *** piety under Okawaru
 12229 | D:9      | Reached skill level 10 in Fighting
 12444 | D:9      | Received a gift from Okawaru
 12529 | D:9      | Reached XP level 11. HP: 72/72 MP: 13/13
 12680 | D:9      | Noticed a tengu warrior
 12702 | D:9      | HP: 1/72 [tengu warrior/+3 vorpal great sword (6)]
 12703 | D:9      | Killed a tengu warrior
 12703 | D:9      | Reached **** piety under Okawaru
 12756 | D:9      | Noticed a cyclops
 12769 | D:9      | Killed a cyclops
 12787 | D:9      | Noticed a brown ugly thing
 12787 | D:9      | Noticed an eight-headed hydra
 12792 | D:9      | Noticed a deep elf zephyrmancer
 12804 | D:9      | HP: 3/72 [eight-headed hydra (5)]
 12807 | D:9      | Slain by an eight-headed hydra

Illustrated notes

Levels and vault maps discovered:
D:1:      tarquinn_simple_flora_water_c, layout_loops_ring,
          minmay_misc_feat_enclosed
D:2:      layout_rooms, basic_altar
D:3:      minmay_general_purpose_star, layout_loops_corners, tgw_kikubaaqudgha,
          minmay_unequal
D:4:      layout_loops_ring, lemuel_coloured_pillars_altar,
          mainiacjoe_overflow_alcove_1, corexii_corridor_pit,
          sigmund_edmund_badplayer
D:5:      layout_loops_ring, trog_ov_bears_minmay, roderic_lattice_a
D:6:      layout_basic, nicolae_overflow_hidden_temple,
          minmay_temple_entry_mist, hangedman_abyss_or_decor_slice,
          grunt_ministairs_7
D:7:      kennysheep_housing_project, layout_loops_ring,
          nicolae_shop_dragon_depot, lemuel_flamethrower_2
D:8:      layout_basic, mainiacjoe_overflow_concentric_impassable
D:9:      minmay_sliced_demisemicircle, layout_loops_ring, uniq_psyche
Temple:   eino_narrow_crystal_temple

Skill      XL: |  1  2  3  4  5  6  7  8  9 10 11 |
---------------+----------------------------------+-----
Crossbows      | 5 6 7 8 9 10 | 10.0
Armour         | 3 5 7 8 |  8.4
Fighting       | 5 8 10 | 10.0
Dodging        | 3 4 6 |  6.7
Invocations    | 3 |  3.0
Stealth        | |  1.1

Action                   |  1- 3 |  4- 6 |  7- 9 | 10-12 || total
-------------------------+-------+-------+-------+-------++-------
Melee: Unarmed           |       |       |    14 |       ||    14
       Hand crossbow     |       |       |     3 |       ||     3
 Fire: Hand crossbow     |   109 |   166 |   407 |   300 ||   982
Invok: Heroism           |       |       |     1 |     6 ||     7
  Use: Scroll            |     4 |     7 |     6 |     2 ||    19
       Potion            |       |       |     2 |       ||     2
Armor: Leather armour    |    18 |    47 |    32 |       ||    97
       Skin              |       |       |    11 |       ||    11
       Scale mail        |       |       |    65 |    76 ||   141
       Plate armour      |       |       |   178 |    10 ||   188
       Troll leather arm |       |       |       |    61 ||    61
Dodge: Dodged            |    21 |    55 |   206 |   176 ||   458

Table legend: (Time is in decaauts)
 A = Elapsed time spent in this place.
 B = Non-inter-level travel time spent in this place.
 C = Inter-level travel time spent in this place.
 D = Time resting spent in this place.
 E = Time spent auto-exploring this place.
 F = Levels seen in this place.
 G = Mean time per level.
                   A        B        C        D        E       F      G
               +--------+--------+--------+--------+--------+-----+--------+
         Total |  13082 |  12522 |    560 |   5119 |   5177 |  10 | 1308.2 |
       Dungeon |  12881 |  12355 |    526 |   5119 |   5018 |   9 | 1431.2 |
        Temple |    200 |    166 |     34 |      0 |    159 |   1 |  200.0 |
               +--------+--------+--------+--------+--------+-----+--------+

Top non-repeatable levels by time:
     D:7: 2570 daAuts
     D:5: 1939 daAuts
     D:3: 1816 daAuts
     D:4: 1726 daAuts
     D:1: 1395 daAuts
     D:6: 1232 daAuts
     D:2: 851 daAuts
     D:9: 769 daAuts
     D:8: 580 daAuts
  Temple: 200 daAuts
